 Dungeon Crawl Stone Soup version 0.22.1-5-g62c59d9 (webtiles) character file.

9751 Gingerlord the Fighter (level 11, 0/99 HPs)
             Began as a White Draconian Skald on Jan 11, 2019.
             Was a High Priest of Okawaru.
             Killed by vampiric draining
             ... invoked by a vampire
              (14 damage)
             ... on level 11 of the Dungeon.
             The game lasted 00:23:40 (13917 turns).

Gingerlord the Fighter (White Draconian Skald)     Turns: 13917, Time: 00:23:40

Health: 0/99       AC: 10    Str: 17    XL:     11   Next: 27%
Magic:  14/16      EV: 18    Int: 13    God:    Okawaru [*****.]
Gold:   524        SH: 12    Dex: 11    Spells: 14/14 levels left

rFire    . . .     SeeInvis .   g - +0 scimitar (curse)
rCold    + + .     Gourm    .   x - +0 shield (curse)
rNeg     . . .     Faith    .   (armour unavailable)
rPois    .         Spirit   .   (helmet restricted)
rElec    .         Reflect  .   m - +2 cloak {MR+}
rCorr    .         Harm     .   (no gloves)
MR       +....                  (no boots)
Stlth    ++++......             (no amulet)
HPRegen  0.26/turn              o - ring of protection from cold
MPRegen  0.15/turn              q - ring of stealth

@: heroism
A: breathe frost, unfitting armour, cold resistance 1, cold-blooded, AC +7
a: Breathe Frost, Heroism, Finesse, Renounce Religion


You were on level 11 of the Dungeon.
You worshipped Okawaru.
Okawaru was extremely pleased with you.
You were very hungry.

You visited 1 branch of the dungeon, and saw 11 of its levels.

You collected 594 gold pieces.
You spent 70 gold pieces at shops.

Inventory:

Hand Weapons
 a - a +0 great sword
 g - a cursed +0 scimitar (weapon)
Missiles
 D - 7 javelins of returning (quivered)
 E - 5 poisoned javelins
Armour
 m - a +2 cloak of magic resistance (worn)
 x - a cursed +0 shield (worn)
Jewellery
 o - a ring of protection from cold (left hand)
 q - a ring of stealth (right hand)
Wands
 s - a wand of iceblast (14)
 C - a wand of scattershot (7)
Scrolls
 b - 3 scrolls of remove curse
 e - a scroll of fog
 h - a scroll of blinking
 i - 3 scrolls of immolation
 n - a scroll of enchant weapon {unknown}
 p - 3 scrolls of teleportation
 r - a scroll of magic mapping
 u - 2 scrolls of fear {unknown}
 y - a scroll of identify
 z - a scroll of vulnerability {unknown}
Potions
 d - 4 potions of brilliance
 f - a potion of agility {unknown}
 j - 2 potions of might
 k - 3 potions of flight
 l - a potion of berserk rage
 v - 2 potions of lignification
 A - a potion of ambrosia
Comestibles
 c - 12 rations


   Skills:
 + Level 9.8(14.8) Fighting
 + Level 9.1(14.1) Long Blades
 + Level 8.3(13.3) Dodging
 + Level 6.0(11.0) Shields
 - Level 2.0 Spellcasting
   Level 2.6 Charms
 + Level 7.6 Invocations


You had 14 spell levels left.
You didn't know any spells.
Your spell library contained the following spells:

 Spells                   Type           Power        Failure   Level  Hunger
 Infusion                 Chrm           #...         14%         1    ##.....
 Song of Slaying          Chrm           #.......     22%         2    ###....
 Shroud of Golubria       Chrm/Tloc      #.........   36%         2    ###....
 Magic Dart               Conj           #...         38%         1    ##.....
 Blink                    Tloc           N/A          54%         2    ###....
 Call Imp                 Summ           #.......     54%         2    ###....
 Slow                     Hex            #.......     54%         2    ###....
 Regeneration             Chrm/Necr      #.........   58%         3    ####...
 Spectral Weapon          Hex/Chrm       #.......     58%         3    ####...
 Conjure Flame            Conj/Fire      #.......     77%         3    ####...
 Mephitic Cloud           Conj/Pois/Air  #.......     77%         3    ####...


Dungeon Overview and Level Annotations

Branches:
Dungeon (11/15)            Temple (0/1) D:6            Lair (0/6) D:10
    Orc: D:9-12

Altars:
Ashenzari
Cheibriados
Dithmenos
Elyvilon
Gozag
Makhleb
Okawaru
Qazlal
Uskayaw
Vehumet
Wu Jian
Yredelemnul
The Shining One

Shops:
D:4 ?   D:7 %

Annotations:
D:3 1 runed door, SorrowsChan's ghost, amateur DsGl


Innate Abilities, Weirdness & Mutations

You can breathe waves of freezing cold.
You can buffet flying creatures when you breathe cold.
Your icy white scales are hard. (AC +7)
You cannot fit into any form of body armour.
Your flesh is cold resistant. (rC+)
You are cold-blooded and may be slowed by cold attacks.


Message History

* * * LOW HITPOINT WARNING * * *
Something draws strength from your injuries!
You barely miss something. Something hits you.
* * * LOW HITPOINT WARNING * * *
You block something's attack.
You hit something. Something barely misses you. You block something's attack.
You feel better. Something hits you. You block something's attack.
You hit something. You tail-slap something. You closely miss something.
Something hits you.
* * * LOW HITPOINT WARNING * * *
Something barely misses you.
You gain the combat prowess of a mighty hero.
You block something's attack. Something barely misses you.
You slash something!
Unholy energy fills the air.
* * * LOW HITPOINT WARNING * * *
You closely miss something. You block something's attack. Something bites you.
* * * LOW HITPOINT WARNING * * *
Something draws strength from your injuries!
You hit something.
Unholy energy fills the air.
You die...

#
#......<#........##.#
#.......#...........#
#.#.....#.......#####
#.#.....#.......# #
#.....#.......#
#.....+.......#
#.....#..?)...##
#.....#)..........
#@{.........
#)).##...... #.###
##.... #.# .... #.#
... #.# #.# #.# #.#


There were no monsters in sight!

Vanquished Creatures
  A death yak (D:10)
  An unseen horror (D:9)
  Pikel (D:8)
  2 centaur zombies
  An elephant (D:10)
  A gargoyle (D:11)
  Psyche (D:8)
  Prince Ribbit (D:5)
  A hornet (D:9)
  A spriggan (D:10)
  6 yaks (D:9)
  Sigmund (D:5)
  A basilisk (D:10)
  A soldier ant (D:10)
  3 orc warriors
  A water moccasin (D:6)
  8 ice beasts
  A phantom (D:7)
  2 sky beasts (D:10)
  A wolf (D:8)
  A necrophage (D:10)
  8 ogres
  A crocodile (D:10)
  A big kobold (D:8)
  A bullfrog (D:10)
  A wyvern zombie (D:9)
  3 scorpions
  6 killer bees (D:8)
  4 wights (D:6)
  2 howler monkeys
  7 crimson imps
  6 hounds
  A quasit (D:6)
  A bullfrog zombie (D:2)
  2 centaur skeletons (D:8)
  A jelly (D:8)
  5 orc priests
  3 bullfrog skeletons (D:8)
  11 orc wizards
  5 worker ants
  2 iguanas
  A hound skeleton (D:6)
  A hound zombie (D:5)
  A worker ant zombie (D:6)
  A howler monkey zombie (D:6)
  A howler monkey skeleton (D:6)
  8 adders
  2 white imps (D:8)
  An ooze (D:2)
  An adder zombie (D:7)
  4 adder skeletons
  4 worms
  2 dart slugs
  6 leopard geckos
  39 orcs
  7 bats
  6 giant cockroaches
  7 goblins
  5 hobgoblins
  18 jackals
  7 quokkas
  2 ball pythons
  2 frilled lizards (D:1)
  A jackal zombie (D:6)
  12 kobolds
  A quokka skeleton (D:9)
  2 quokka zombies (D:8)
  3 rats
253 creatures vanquished.

Notes
Turn   | Place    | Note
-------+----------+-------------------------------------------
     0 | D:1      | Gingerlord the Draconian Skald began the quest for the Orb.
     0 | D:1      | Reached XP level 1. HP: 17/17 MP: 3/3
   438 | D:1      | Reached XP level 2. HP: 23/25 MP: 5/5
  1056 | D:2      | Reached XP level 3. HP: 21/30 MP: 6/6
  1630 | D:2      | Found a stormy altar of Qazlal.
  1968 | D:2      | Reached XP level 4. HP: 25/38 MP: 7/7
  2328 | D:2      | Reached XP level 5. HP: 18/46 MP: 8/8
  2888 | D:3      | Found a runed door.
  2888 | D:3      | Noticed SorrowsChan's ghost (amateur DsGl)
  3209 | D:4      | Found Plog's Magic Scroll Shop.
  3223 | D:4      | Bought a scroll of teleportation for 42 gold pieces
  3223 | D:4      | Bought a scroll of identify for 28 gold pieces
  3304 | D:4      | Reached XP level 6. HP: 50/53 MP: 9/9
  3509 | D:4      | Found an iron altar of Okawaru.
  3665 | D:4      | Became a worshipper of Warmaster Okawaru
  3672 | D:5      | Entered Level 5 of the Dungeon
  4277 | D:5      | Noticed Prince Ribbit
  4472 | D:5      | Found a glowing golden altar of the Shining One.
  4530 | D:5      | Noticed Sigmund
  4557 | D:5      | Killed Sigmund
  4557 | D:5      | Reached skill level 5 in Fighting
  4557 | D:5      | Your scales start taking on an icy white colour.
  4557 | D:5      | Reached XP level 7. HP: 20/61 MP: 10/10
  4557 | D:5      | Gained mutation: Your flesh is cold resistant. (rC+) [White
                  | Draconian growth]
  4998 | D:5      | Reached skill level 5 in Long Blades
  5122 | D:5      | Killed Prince Ribbit
  5122 | D:5      | Reached * piety under Okawaru
  5122 | D:5      | Reached skill level 5 in Dodging
  5348 | D:6      | Reached ** piety under Okawaru
  5348 | D:6      | Reached skill level 1 in Invocations
  5348 | D:6      | Reached XP level 8. HP: 65/70 MP: 11/11
  5502 | D:6      | Found a white marble altar of Elyvilon.
  7226 | D:7      | Found Uxyxief's Food Boutique.
  7627 | D:6      | Found a basalt altar of Yredelemnul.
  7939 | D:6      | Found a shattered altar of Ashenzari.
  8028 | D:6      | Reached XP level 9. HP: 73/79 MP: 12/12
  8397 | D:6      | Found a staircase to the Ecumenical Temple.
  8833 | D:8      | Reached *** piety under Okawaru
  9000 | D:8      | Reached skill level 5 in Invocations
  9132 | D:8      | Found a radiant altar of Vehumet.
  9225 | D:8      | Noticed Psyche
  9295 | D:8      | Killed Psyche
  9444 | D:8      | Found an opulent altar of Gozag.
  9444 | D:8      | Found a burning altar of Makhleb.
  9449 | D:8      | Found a hide-covered altar of Uskayaw.
  9453 | D:8      | Found a stormy altar of Qazlal.
  9455 | D:8      | Found a snail-covered altar of Cheibriados.
  9839 | D:8      | Noticed Pikel
  9867 | D:8      | Killed Pikel
  9867 | D:8      | Reached **** piety under Okawaru
  9867 | D:8      | Received a gift from Okawaru
  9867 | D:8      | Reached skill level 1 in Shields
  9867 | D:8      | Reached XP level 10. HP: 78/90 MP: 11/14
 11095 | D:9      | Found an ornate altar of the Wu Jian Council.
 11095 | D:9      | Found a shadowy altar of Dithmenos.
 12064 | D:10     | Entered Level 10 of the Dungeon
 12317 | D:10     | Reached ***** piety under Okawaru
 12491 | D:10     | Found a staircase to the Lair.
 12491 | D:10     | Noticed a death yak
 12492 | D:10     | Noticed an elephant
 12521 | D:10     | Killed a death yak
 12521 | D:10     | Received a gift from Okawaru
 12521 | D:10     | Reached skill level 5 in Shields
 12535 | D:10     | Received a gift from Okawaru
 12546 | D:10     | Reached XP level 11. HP: 19/97 MP: 10/16
 12941 | D:9      | Killed an unseen horror
 13693 | D:11     | Found an ornate altar of the Wu Jian Council.
 13917 | D:11     | Killed from afar by a vampire

Skill      XL: |  1  2  3  4  5  6  7  8  9 10 11 |
---------------+----------------------------------+-----
Fighting       | 3 4 5 6 7 8 9 |  9.8
Long Blades    | 3 4 5 6 8 9 |  9.1
Dodging        | 3 4 5 6 7 8 |  8.3
Invocations    | 1 3 6 7 |  7.6
Shields        | 1 5 6 |  6.0
Spellcasting   | |  2.0
Charms         | |  2.6

Action                   |  1- 3 |  4- 6 |  7- 9 | 10-12 || total
-------------------------+-------+-------+-------+-------++-------
Melee: Falchion          |   110 |   238 |   363 |       ||   711
       Tailslap          |    11 |    31 |    99 |    59 ||   200
       Scimitar          |       |       |   212 |   395 ||   607
       Punch             |       |       |     4 |       ||     4
Invok: Heroism           |       |       |     5 |     7 ||    12
       Finesse           |       |       |       |     1 ||     1
 Abil: Breathe Frost     |       |       |     3 |       ||     3
Evoke: Wand              |       |       |     1 |       ||     1
  Use: Scroll            |     2 |     6 |     3 |     3 ||    14
       Potion            |       |     2 |     1 |     3 ||     6
 Stab: Sleeping          |     1 |     3 |     3 |     1 ||     8
  Eat: Ration            |     1 |     1 |     2 |     1 ||     5
       Chunk             |       |     7 |    10 |     9 ||    26
Armor: Skin              |    21 |    69 |   202 |    80 ||   372
Dodge: Dodged            |    81 |   195 |   429 |   138 ||   843
Block: Shield            |       |       |    14 |   131 ||   145
       Rpst.: Falchion   |    33 |    62 |   103 |       ||   198
       Scimitar          |       |       |    47 |    34 ||    81
